 Dungeon Crawl Stone Soup version 0.30-a0-782-ge64f9170bb (webtiles) character file.

Game seed: 7092403779816465898

67489 mopl the Severer (level 15, -2/199 HPs)
             Began as a Hill Orc Fighter on Mar 13, 2023.
             Was the Champion of Beogh.
             Slain by a thrashing horror (5 damage)
             ... on level 2 of the Abyss.
             The game lasted 00:30:04 (17110 turns).

mopl the Severer (Hill Orc Fighter)                Turns: 17110, Time: 00:30:05

Health: -2/199     AC: 27    Str: 23    XL:     15   Next: 23%
Magic:  32/32      EV: 13    Int:  8    God:    Beogh [******]
Gold:   1224       SH:  9    Dex: 12    Spells: 14/14 levels left

rFire   . . .      SeeInvis +    a - +2 war axe (flame)
rCold   + . .      Faith    .    G - +1 kite shield {reflect}
rNeg    . . .      Spirit   .    C - +2 plate armour {rC+}
rPois   +          Reflect  +    E - +0 helmet "Paow" {Contam Regen+ MP+9 SInv}
rElec   .          Harm     .    J - +0 cloak {rPois}
rCorr   .          Rampage  .    v - +2 pair of gloves
Will    +....                    h - +2 pair of boots {Fly} Stlth
                                 (no amulet)
HPRegen 0.00/turn                i - ring of poison resistance
MPRegen 0.23/turn                O - +5 ring of evasion

@: berserking, flying, inhibited regen, studying Throwing, very quick
A: walk on water, inhibited regeneration, weak 1
a: Renounce Religion, Smiting, Recall Orcish Followers, Give Item to Named
Follower, Resurrection


You were on level 2 of the Abyss.
You worshipped Beogh.
Beogh was exalted by your worship.
You visited 3 branches of the dungeon, and saw 20 of its levels.
You visited the Abyss 1 time.
You also visited: Ossuary.

You collected 1731 gold pieces.
You spent 507 gold pieces at shops.

Inventory:

Hand Weapons
 a - a +2 war axe of flaming (weapon)
Missiles
 e - 10 poisoned darts (quivered)
 g - 5 throwing nets
 n - 23 boomerangs
 F - 5 curare-tipped darts
 V - 6 javelins
Armour
 c - a +0 buckler
 h - a +2 pair of boots of flying (worn)
 v - a +2 pair of gloves (worn)
 C - a +2 plate armour of cold resistance (worn)
 E - the +0 helmet "Paow" (worn) {Contam Regen+ MP+9 SInv}
   (You found it on level 6 of the Dungeon)

   MP:        It affects your magic capacity (+9).
   SInv:      It lets you see invisible.
   Contam:    It causes magical contamination when unequipped.
   Regen:     It increases your rate of health regeneration.
 G - a +1 kite shield of reflection (worn)
 J - a +0 cloak of poison resistance (worn)
Jewellery
 i - a ring of poison resistance (left hand)
 O - a +5 ring of evasion (right hand)
Wands
 b - a wand of roots (26)
 o - a wand of flame (25)
 L - a wand of paralysis (3)
 M - a wand of digging (9)
 P - a wand of mindburst (10)
 T - a wand of polymorph (8)
 W - a wand of quicksilver (15)
Scrolls
 k - 8 scrolls of teleportation
 m - 4 scrolls of vulnerability
 p - 2 scrolls of poison
 s - 5 scrolls of fear {unknown}
 u - 4 scrolls of silence {!r}
 w - 5 scrolls of magic mapping
 x - 8 scrolls of blinking {unknown}
 y - 7 scrolls of fog
 A - 2 scrolls of enchant weapon
 B - 3 scrolls of immolation
Potions
 d - 5 potions of might
 f - 2 potions of resistance
 j - 12 potions of curing {unknown}
 l - 4 potions of flight
 q - 3 potions of lignification {!q}
 t - a potion of cancellation
 D - 2 potions of haste
 H - 2 potions of ambrosia
 N - 4 potions of brilliance
 S - 4 potions of invisibility
 U - a potion of magic
Miscellaneous
 r - a lightning rod (4/4)
 Q - a tin of tremorstones (2/2)


   Skills:
 + Level 12.2 Fighting
 * Level 17.7 Axes
 + Level 9.2 Throwing
 + Level 11.2 Armour
 + Level 8.1 Dodging
 - Level 3.2 Shields
 + Level 11.6 Invocations
 + Level 9.5 Evocations


You had 14 spell levels left.
You didn't know any spells.
Your spell library contained the following spells:

 Spells                   Type           Power      Damage    Failure   Level
 Shock                    Conj/Air       0%         1d3       100%        1
 Slow                     Hex            0%         N/A       100%        1
 Call Canine Familiar     Summ           0%         N/A       100%        3
 Confusing Touch          Hex            0%         N/A       100%        3
 Dazzling Flash           Conj/Hex       0%         N/A       100%        3
 Frozen Ramparts          Ice            0%         1d1       100%        3
 Ignite Poison            Fire/Tmut/Pois 0%         N/A       100%        3
 Portal Projectile        Hex/Tloc       0%         N/A       100%        3
 Stone Arrow              Conj/Erth      0%         3d7       100%        3
 Vhi's Electric Charge    Tloc/Air       0%         N/A       100%        3
 Animate Armour           Summ/Erth      0%         N/A       100%        4
 Ice Form                 Ice/Tmut       0%         N/A       100%        4
 Leda's Liquefaction      Hex/Erth       0%         N/A       100%        4
 Sticky Flame             Conj/Fire      0%         2d3       100%        4
 Summon Ice Beast         Ice/Summ       0%         N/A       100%        4
 Arcjolt                  Conj/Air       0%         1d10      100%        5
 Ignition                 Fire           0%         3d3       100%        8
 Lehudib's Crystal Spear  Conj/Erth      0%         10d2      100%        8
 Maxwell's Capacitive Co  Air            0%         ∞         100%        8


Dungeon Overview and Level Annotations

Branches:
Dungeon (13/15)            Temple (0/1) D:6            Lair (5/5) D:9
 Shoals (0/4) Lair:2       Spider (0/4) Lair:3        Slime (0/5) Lair:5
    Orc (2/2) D:10            Elf (0/3) Orc:2       Ossuary (visited)
 Vaults: D:13-14

Altars:
Hepliaklqana
Makhleb
Okawaru
Sif Muna
Trog
Wu Jian
Xom
Jiyva

Shops:
D:6 [   D:7 [   D:8 (   Orc:2 :(=?!

Portals:
Pandemonium: Orc:2

Annotations:
D:6 3 runed translucent doors, t4s4d4r's ghost, novice OpFi


Innate Abilities, Weirdness & Mutations

You can walk on water.
You do not regenerate when monsters are visible.
You are weak. (Str -2)


Message History

* * * LOW HITPOINT WARNING * * *
You hold your ground!
The thrashing horror tramples you but does no damage.
You barely miss the starspawn tentacle. You slash the tentacled starspawn!
You burn the tentacled starspawn. You hit the thrashing horror.
The thrashing horror tramples you but does no damage.
You block the thrashing horror's attack.
The starspawn tentacle misses you.
The tentacled starspawn barely misses you.
The tentacled starspawn closely misses you.
A large abomination comes into view.
You slash the starspawn tentacle! You burn the starspawn tentacle.
The starspawn tentacle is almost destroyed.
You closely miss the thrashing horror. You hit the tentacled starspawn.
You burn the tentacled starspawn.
The thrashing horror churns violently!
The thrashing horror seems to grow stronger.
The starspawn tentacle grabs you. The starspawn tentacle constricts you.
* * * LOW HITPOINT WARNING * * *
The tentacled starspawn bites you!!
* * * LOW HITPOINT WARNING * * *
The tentacled starspawn tentacle-slaps you.
* * * LOW HITPOINT WARNING * * *
Okay, then.
Really quaff
z - a potion of berserk rage {!q}?
A red film seems to cover your vision as you go berserk!
You feel yourself moving faster!
You feel mighty!
The thrashing horror closely misses you.
The thrashing horror barely misses you. The starspawn tentacle constricts you.
A tentacle flies out from the starspawn's body!
A starspawn tentacle comes into view.
You slash the starspawn tentacle! You burn the starspawn tentacle.
You destroy the starspawn tentacle!
You slash the tentacled starspawn! You burn the tentacled starspawn.
You destroy the tentacled starspawn!
Beogh accepts your kill.
The starspawn's tentacles wither and die.
The thrashing horror tramples you but does no damage.
The thrashing horror tramples you.
You die...

..##. ..#. #
.#..#. .
.#..#.... #.##
#.#...#.# #.§.
##...#...#
#...##........
#
#...X@........
.
#..#.........
. # #
#........... .
~
#####.........
≈ ##
...........
.#.
#...#X#.###..
.. #....#....#
## #
..#..##..## #
#.#####....#


You could see a thrashing horror (strong) and a large abomination.

Vanquished Creatures
  Jorgrun (Orc:2)
  2 tentacled starspawn (Abyss:2)
  Nessos (D:12)
  Harold (D:9)
  A demonspawn (Orc:2)
  3 boulder beetles
  4 catoblepae
  3 hydras
  A deep troll shaman (Lair:5)
  2 two-headed ogres
  3 orc high priests (Orc:2)
  Urug (D:10)
  2 thrashing horrors (Abyss:2)
  7 death yaks
  A glowing orange brain (Abyss:2)
  2 skysharks
  Pikel (D:9)
  3 harpies (D:12)
  An orc knight (Orc:2)
  An orc sorcerer (Orc:2)
  A manticore (D:11)
  3 large abominations (Abyss:2)
  A cyclops (D:11)
  24 elephants
  A black mamba (Lair:3)
  A torpor snail (Lair:4)
  4 cane toads
  An unseen horror (Abyss:2)
  2 rime drakes (Lair:1)
  9 komodo dragons
  A tormentor (Abyss:2)
  4 trolls
  A hornet (D:9)
  12 blink frogs
  6 dream sheep
  A hellwing (Abyss:2)
  4 polar bears
  Prince Ribbit (D:8)
  3 flying skulls (Abyss:2)
  2 slime creatures
  Sigmund (D:4)
  A vampire (Abyss:2)
  22 yaks
  2 shadows
  5 wyverns
  2 wraiths
  A golden eye (Abyss:2)
  5 basilisks
  A neqoxec (Abyss:2)
  2 vampire mosquitoes (D:13)
  A chaos spawn (Abyss:2)
  5 small abominations (Abyss:2)
  An acid dragon (D:11)
  A warg (Orc:2)
  Duvessa (D:5)
  7 water moccasins
  10 orc warriors
  2 ice beasts
  3 sky beasts
  3 black bears
  5 ogres
  10 wolves
  9 centaurs
  2 phantoms
  4 elf zombies (Ossuary)
  A kobold brigand (D:8)
  A gnoll sergeant (D:5)
  6 bullfrogs
  A necrophage (D:8)
  2 elf skeletons (D:4)
  2 scorpions
  5 wights (D:9)
  Dowan (D:5)
  7 killer bees
  A howler monkey (D:5)
  4 centaur zombies (Ossuary)
  5 human zombies
  A hound (D:7)
  An iron imp (Abyss:2)
  2 jellies (D:7)
  Crazy Yiuf (D:7)
  17 orc priests
  2 gnoll boudas
  Jessica (D:2)
  2 human skeletons (D:4)
  6 iguanas
  12 orc wizards
  4 hell rats (Lair:1)
  3 mummies (Ossuary)
  13 gnolls
  5 adders
  A shadow imp (Abyss:2)
  An ufetubus (D:6)
  A worm (D:2)
  A dart slug (D:3)
  30 orcs
  7 endoplasms
  7 giant cockroaches
  6 hobgoblins
  7 jackals
  13 kobolds
  3 quokkas (D:1)
  6 ball pythons
  5 bats
  A frilled lizard (D:2)
  6 goblins
  An orc zombie (D:4)
  4 rats (D:1)
  5 starspawn tentacles (Abyss:2)
440 creatures vanquished.

Vanquished Creatures (collateral kills)
  Gastronok (D:10)
  A catoblepas (D:12)
  A boulder beetle (D:12)
  2 death yaks (Lair:5)
  4 orc high priests (Orc:2)
  A soul eater (Orc:2)
  2 orc knights (Orc:2)
  A lindwurm (Lair:5)
  5 elephants (Lair:5)
  A black mamba (Lair:5)
  A gargoyle (D:10)
  A komodo dragon (Lair:1)
  A troll (D:12)
  A hellwing (Orc:2)
  A polar bear (Lair:5)
  3 blink frogs (Lair:5)
  A dream sheep (D:10)
  2 slime creatures (D:10)
  A basilisk (D:12)
  7 yaks
  A chaos spawn (Orc:2)
  A neqoxec (Orc:2)
  A warg (Orc:1)
  2 water moccasins
  16 orc warriors
  2 wolves (Lair:5)
  9 orc priests
  A gnoll bouda (D:10)
  4 orc wizards
  11 orcs
86 creatures vanquished.

Vanquished Creatures (others)
  4 orc knights
  2 orc high priests (Orc:2)
  A wizard (D:13)
  An orc sorcerer (Orc:2)
  A shadow (D:13)
  8 orc warriors
  11 orc priests
  7 orc wizards
  34 orcs
  19 fungi
  33 plants
  4 starspawn tentacles (Abyss:2)
  A withered plant (D:12)
126 creatures vanquished.

Grand Total: 652 creatures vanquished

Notes
Turn   | Place    | Note
-------+----------+-------------------------------------------
     0 | D:1      | mopl the Hill Orc Fighter began the quest for the Orb.
     0 | D:1      | Reached XP level 1. HP: 19/19 MP: 1/1
   106 | D:1      | Reached skill level 3 in Axes
   174 | D:1      | Reached XP level 2. HP: 24/27 MP: 2/2
   436 | D:1      | Reached XP level 3. HP: 33/33 MP: 3/3
   716 | D:2      | Reached skill level 4 in Fighting
   781 | D:2      | Noticed Jessica
   805 | D:2      | Killed Jessica
   806 | D:2      | Reached skill level 4 in Axes
   806 | D:2      | Reached skill level 1 in Dodging
   806 | D:2      | Reached XP level 4. HP: 29/40 MP: 4/4
  1570 | D:3      | Reached skill level 4 in Armour
  1891 | D:3      | Reached XP level 5. HP: 45/47 MP: 5/5
  1985 | D:3      | Found a faded altar of an unknown god.
  2184 | D:4      | Noticed Sigmund
  2227 | D:4      | Killed Sigmund
  2228 | D:4      | Reached skill level 5 in Axes
  2228 | D:4      | Reached skill level 1 in Evocations
  2228 | D:4      | Reached XP level 6. HP: 24/55 MP: 6/6
  2243 | D:4      | Reached skill level 1 in Throwing
  2304 | D:4      | Reached skill level 2 in Dodging
  2323 | D:4      | Reached skill level 5 in Fighting
  2338 | D:4      | Reached XP level 7. HP: 47/61 MP: 7/7
  2363 | D:4      | Reached skill level 6 in Axes
  2375 | D:4      | Found a sand-covered staircase.
  2387 | Ossuary  | Entered an ossuary
  2415 | Ossuary  | Reached skill level 2 in Evocations
  2427 | Ossuary  | Reached skill level 2 in Throwing
  2566 | Ossuary  | Reached skill level 5 in Armour
  2578 | Ossuary  | Reached XP level 8. HP: 50/69 MP: 8/8
  2584 | Ossuary  | Reached skill level 7 in Axes
  2789 | D:4      | Became a worshipper of Beogh the Brigand
  3379 | D:5      | Entered Level 5 of the Dungeon
  3382 | D:5      | Noticed Dowan
  3395 | D:5      | Reached skill level 1 in Invocations
  3402 | D:5      | Killed Dowan
  3542 | D:5      | Reached skill level 3 in Dodging
  3542 | D:5      | Reached skill level 3 in Evocations
  3574 | D:5      | Reached skill level 6 in Fighting
  3577 | D:5      | Reached skill level 8 in Axes
  3582 | D:5      | Reached skill level 3 in Throwing
  3582 | D:5      | Reached skill level 2 in Invocations
  3760 | D:5      | Noticed Duvessa
  3770 | D:5      | Killed Duvessa
  3771 | D:5      | Reached XP level 9. HP: 45/75 MP: 10/10
  3936 | D:5      | Reached * piety under Beogh
  4068 | D:5      | Reached skill level 6 in Armour
  4157 | D:5      | Reached skill level 3 in Invocations
  4416 | D:6      | Reached skill level 9 in Axes
  4441 | D:6      | Identified the +0 helmet "Paow" {Contam Regen+ MP+9 SInv}
  4611 | D:6      | Found a staircase to the Ecumenical Temple.
  4634 | D:6      | Found a runed translucent gate.
  4634 | D:6      | Found a runed translucent gate.
  4634 | D:6      | Found a runed translucent gate.
  4637 | D:6      | Noticed t4s4d4r's ghost (novice OpFi)
  4741 | D:6      | Found a bloodstained altar of Trog.
  4897 | D:6      | Found Igairoagi's Armour Shoppe.
  4905 | D:6      | Reached skill level 4 in Evocations
  5299 | D:7      | Got the Compilation of Stoicism
  5452 | D:7      | Found Zacsa Dyd's Antique Armour Boutique.
  5460 | D:7      | Reached ** piety under Beogh
  5463 | D:7      | Reached skill level 7 in Fighting
  5463 | D:7      | Reached skill level 4 in Invocations
  5582 | D:7      | Reached skill level 4 in Dodging
  5637 | D:7      | Reached XP level 10. HP: 86/86 MP: 13/13
  5638 | D:7      | Reached skill level 10 in Axes
  5638 | D:7      | Reached skill level 4 in Throwing
  5706 | D:7      | Found a hazy altar of Hepliaklqana.
  5790 | D:7      | Found a runed translucent door.
  5791 | D:7      | Noticed Crazy Yiuf
  5954 | D:7      | Killed Crazy Yiuf
  6015 | D:8      | Found Xoahiat's Weapon Emporium.
  6035 | D:8      | You are sucked into a shaft and drop 1 floor!
  6224 | D:8      | Found an ornate altar of the Wu Jian Council.
  6275 | D:8      | Reached skill level 5 in Invocations
  6836 | D:9      | Noticed Prince Ribbit
  6860 | D:8      | Killed Prince Ribbit
  6895 | D:9      | Found a staircase to the Lair.
  6923 | D:9      | Reached skill level 7 in Armour
  6941 | D:9      | Reached *** piety under Beogh
  6962 | D:9      | Noticed Harold
  6991 | D:9      | Killed Harold
  6992 | D:9      | Reached skill level 11 in Axes
  6992 | D:9      | Reached skill level 5 in Evocations
  7020 | D:9      | Reached skill level 8 in Fighting
  7448 | D:9      | Noticed Pikel
  7456 | D:9      | Killed Pikel
  7457 | D:9      | Reached skill level 6 in Invocations
  7457 | D:9      | Reached XP level 11. HP: 90/94 MP: 15/15
  7479 | D:9      | Noticed a boulder beetle
  7521 | D:9      | Killed a boulder beetle
  7522 | D:9      | Reached skill level 5 in Throwing
  7522 | D:9      | Reached skill level 5 in Dodging
  7666 | D:10     | Entered Level 10 of the Dungeon
  7666 | D:10     | Found a staircase to the Orcish Mines.
  7680 | D:10     | Noticed Gastronok
  7692 | Orc:1    | Entered Level 1 of the Orcish Mines
  7732 | D:10     | Killed Gastronok
  7784 | D:10     | Found a burning altar of Makhleb.
  7788 | D:10     | Found a shimmering blue altar of Sif Muna.
  7791 | D:10     | Found a shimmering altar of Xom.
  7966 | D:10     | Reached skill level 12 in Axes
  8145 | D:10     | Reached **** piety under Beogh
  8849 | Orc:2    | Entered Level 2 of the Orcish Mines
  8926 | Orc:2    | Reached skill level 8 in Armour
  8926 | Orc:2    | Reached skill level 6 in Evocations
  9013 | Orc:2    | Found Ycufupat's Book Shoppe.
  9041 | Orc:2    | Found a staircase to the Elven Halls.
  9156 | Orc:2    | Found Ticipuithru's Distillery.
  9157 | Orc:2    | Noticed an orc knight
  9163 | Orc:2    | Found Hayh's Magic Scroll Emporium.
  9169 | Orc:2    | Reached skill level 7 in Invocations
  9174 | Orc:2    | Killed an orc knight
  9184 | Orc:2    | Reached skill level 9 in Fighting
  9285 | Orc:2    | Noticed a two-headed ogre
  9295 | Orc:2    | Killed a two-headed ogre
  9407 | Orc:2    | Bought a scroll of fog for 56 gold pieces
  9407 | Orc:2    | Bought a scroll of noise for 14 gold pieces
  9407 | Orc:2    | Bought a scroll of magic mapping for 105 gold pieces
  9407 | Orc:2    | Bought a scroll of teleportation for 42 gold pieces
  9407 | Orc:2    | Bought a scroll of vulnerability for 56 gold pieces
  9410 | Orc:2    | Bought a potion of cancellation for 144 gold pieces
  9410 | Orc:2    | Bought a potion of heal wounds for 90 gold pieces
  9433 | Orc:2    | Noticed an orc high priest
  9433 | Orc:2    | Noticed a soul eater
  9441 | Orc:2    | Noticed a sixfirhy
  9441 | Orc:2    | Noticed an orc knight
  9441 | Orc:2    | Noticed an orc high priest
  9444 | Orc:2    | Noticed an orc knight
  9447 | Orc:2    | Killed an orc high priest
  9450 | Orc:2    | Killed a soul eater
  9617 | Orc:2    | Killed an orc knight
  9617 | Orc:2    | Reached ***** piety under Beogh
  9618 | Orc:2    | Reached skill level 13 in Axes
  9618 | Orc:2    | Reached XP level 12. HP: 100/104 MP: 17/17
  9658 | Orc:2    | Noticed an orc high priest
  9660 | Orc:2    | Noticed Jorgrun
  9663 | Orc:2    | Noticed an orc high priest
  9702 | Orc:2    | Noticed a soul eater
  9702 | Orc:2    | Killed an orc high priest
  9704 | Orc:2    | Killed an orc high priest
  9855 | Orc:2    | Noticed an orc high priest
  9858 | Orc:2    | Killed an orc high priest
  9859 | Orc:2    | Reached skill level 6 in Throwing
  9876 | Orc:2    | Noticed a soul eater
  9877 | Orc:2    | Noticed an orc high priest
 10047 | D:11     | Noticed Urug
 10099 | D:10     | HP: 4/105 [Urug/javelin (10)]
 10102 | D:10     | Reached skill level 8 in Invocations
 10102 | D:10     | Killed Urug
 10169 | D:11     | Reached skill level 6 in Dodging
 10655 | Lair:1   | Entered Level 1 of the Lair of Beasts
 10655 | Lair:1   | Noticed a boulder beetle
 10669 | Lair:1   | Reached skill level 7 in Evocations
 10689 | Lair:1   | Killed a boulder beetle
 10760 | Lair:1   | Reached skill level 14 in Axes
 10774 | Lair:1   | Reached skill level 9 in Armour
 10968 | Lair:1   | Reached skill level 10 in Fighting
 11564 | Lair:2   | Noticed a death yak
 11570 | Lair:2   | Noticed a death yak
 11574 | Lair:2   | Noticed a death yak
 11577 | Lair:2   | Reached XP level 13. HP: 64/113 MP: 19/19
 11713 | Lair:1   | Reached skill level 9 in Invocations
 11918 | Lair:2   | Found a staircase to the Shoals.
 11934 | Lair:2   | Reached skill level 7 in Throwing
 12129 | Lair:2   | Reached skill level 15 in Axes
 12487 | Lair:3   | Found a hole to the Spider Nest.
 12709 | Lair:3   | Reached skill level 8 in Evocations
 13133 | Lair:4   | Reached skill level 7 in Dodging
 13253 | Lair:4   | Reached skill level 10 in Armour
 13312 | Lair:4   | Found an iron altar of Okawaru.
 13392 | Lair:4   | Reached skill level 10 in Invocations
 13531 | Lair:4   | Reached skill level 11 in Fighting
 13845 | Lair:5   | Entered Level 5 of the Lair of Beasts
 13859 | Lair:5   | Reached XP level 14. HP: 124/124 MP: 21/21
 13863 | Lair:5   | Reached skill level 16 in Axes
 13904 | Lair:5   | Found a viscous altar of Jiyva.
 13905 | Lair:5   | Found a staircase to the Slime Pits.
 14023 | Lair:5   | Gained Nordag as an ally
 14179 | Lair:5   | Reached skill level 8 in Throwing
 14180 | Lair:5   | Reached ****** piety under Beogh
 15027 | Lair:5   | Reached skill level 11 in Invocations
 15281 | Orc:2    | Killed Jorgrun
 15282 | Orc:2    | Reached skill level 9 in Evocations
 15366 | Orc:1    | Found a shimmering blue altar of Sif Muna.
 15399 | Orc:1    | Got Sif Muna's Excursus on the Welkin
 15573 | Orc:2    | Reached skill level 17 in Axes
 15678 | Orc:2    | Found Cumorab's Jewellery Shop.
 15678 | Orc:2    | Found Aniano's Antique Weapon Boutique.
 15679 | Orc:2    | Found a one-way gate leading to the halls of Pandemonium.
 15833 | D:12     | Gained Orkrul as an ally
 15865 | D:12     | Noticed Nessos
 15877 | D:12     | Killed Nessos
 16542 | D:12     | Your ally Orkrul died
 16561 | D:12     | Reached skill level 11 in Armour
 16568 | D:12     | Reached XP level 15. HP: 106/132 MP: 23/23
 16678 | D:13     | Reached skill level 12 in Fighting
 16693 | Abyss:2  | Cast into level 2 of the Abyss (a wizard)
 16738 | Abyss:2  | Found a corrupted altar of Lugonu.
 16753 | Abyss:2  | Found a corrupted altar of Lugonu.
 16780 | Abyss:2  | Reached skill level 8 in Dodging
 16830 | Abyss:2  | Found a corrupted altar of Lugonu.
 16835 | Abyss:2  | Noticed a tentacled starspawn
 16847 | Abyss:2  | Killed a tentacled starspawn
 16848 | Abyss:2  | Reached skill level 9 in Throwing
 17084 | Abyss:2  | Gained mutation: You do not regenerate when monsters are
                  | visible. [a neqoxec]
 17090 | Abyss:2  | Gained mutation: You are weak. (Str -2) [a neqoxec]
 17091 | Abyss:2  | Noticed a tentacled starspawn
 17108 | Abyss:2  | HP: 2/133 [tentacled starspawn (6)]
 17110 | Abyss:2  | Killed a tentacled starspawn
 17110 | Abyss:2  | Slain by a thrashing horror

Illustrated notes

Levels and vault maps discovered:
D:1:      scummos_arrival_gate, layout_loops_cross, serial_glass,
          glass_columns_a, glass_columns_c, glass_columns_b, glass_columns_a,
          glass_columns_b, glass_columns_a, chequers_garden
D:2:      layout_basic, minmay_tiny_reverse_x, uniq_jessica
D:3:      mumra_celtic_spiral_tile, layout_rooms,
          chequers_ecumenical_altar_lobes
D:4:      layout_gridville, nicolae_ossuary_entry_catacombs, uniq_sigmund
D:5:      layout_loops_cross, uniq_duvessa
D:6:      layout_basic, mainiacjoe_overflow_surrounded_room, temple_green,
          ebering_ghost_rock_garden, kennysheep_windowed_goal
D:7:      layout_rooms, lemuel_tele_altar, serial_shops, nicolae_shop_trees,
          uniq_crazy_yiuf_cottage
D:8:      layout_basic, nicolae_wu_jian_wuxing_cycle, serial_shops,
          nicolae_shop_trees
D:9:      layout_basic, dpeg_oklobed_lair, uniq_pikel, uniq_prince_ribbit1,
          uniq_harold
D:10:     layout_layer_cave, gammafunk_temple_overflow_forgotten, orc_0_dummy,
          dreamdust_gnoll_shepherd, uniq_gastronok
D:11:     layout_rooms, minmay_misc_feat_rugged, uniq_urug
D:12:     layout_irregular_city, argonaut_gorgonesque, uniq_nessos
D:13:     minmay_tri_stars, layout_stronghold, david_vaults_1,
          nicolae_yredelemnul_corpse_copse
Lair:1:   layout_hall_layers, minivault_26
Lair:2:   layout_gridlike, minmay_shoals_entry_centaurs,
          infiniplex_staircase_pool_2
Lair:3:   layout_roguey, dummy_spider_entry
Lair:4:   layout_roguey, basic_altar
Lair:5:   grunt_lair_end_beastmaster, layout_cave_pods, dpeg_slime_entry_corner
Orc:1:    layout_caves, led_sif_book
Orc:2:    pf_orc_diabolical, layout_caves, serial_shops, nicolae_shop_stone,
          uniq_jorgrun
Abyss:2:  base: D:3, gammafunk_corrupted_shrine, evilmike_abyss_exit_17,
          hangedman_abyss_shoalhut

Skill      XL: |  1  2  3  4  5  6  7  8  9 10 11 12 13 14 15 |
---------------+----------------------------------------------+-----
Axes           | 3 4 5 6 8 9 11 13 14 15 17 | 17.7
Fighting       | 4 5 6 7 8 9 10 11 12 | 12.2
Dodging        | 1 2 3 4 5 6 7 8 |  8.1
Armour         | 4 5 6 7 8 9 10 11 | 11.2
Evocations     | 1 2 3 4 5 6 7 8 9 |  9.5
Throwing       | 1 2 3 4 5 6 7 8 9 |  9.2
Invocations    | 2 4 6 7 8 10 11 | 11.6
Shields        | |  3.2

Action                     |  1- 3 |  4- 6 |  7- 9 | 10-12 | 13-15 || total
---------------------------+-------+-------+-------+-------+-------++-------
  Melee: War axe           |   103 |   171 |   388 |   701 |   791 ||  2154
  Throw: Boomerang         |       |     7 |     1 |       |       ||     8
         Dart              |       |       |       |    15 |    27 ||    42
 Invoke: Convert to Beogh  |       |       |     1 |       |       ||     1
         Smiting           |       |       |       |     2 |     1 ||     3
  Evoke: Wand              |       |       |     3 |     1 |     7 ||    11
    Use: Scroll            |       |       |     7 |     9 |     8 ||    24
         Potion            |       |       |       |     1 |     2 ||     3
   Stab: Distracted        |       |       |       |     2 |     1 ||     3
         Confused          |       |       |       |     1 |       ||     1
         Petrified         |       |       |       |       |     9 ||     9
         Paralysed         |       |       |       |       |     2 ||     2
 Armour: Scale mail        |    67 |    84 |    84 |       |       ||   235
         Chain mail        |       |       |   177 |   140 |       ||   317
         Plate armour      |       |       |       |   175 |   532 ||   707
  Dodge: Dodged            |    60 |    59 |   177 |   421 |   483 ||  1200
  Block: Buckler           |    21 |    42 |    92 |   131 |   119 ||   405
         Kite shield       |       |       |       |       |    68 ||    68

Table legend: (Time is in decaauts)
 A = Elapsed time spent in this place.
 B = Non-inter-level travel time spent in this place.
 C = Inter-level travel time spent in this place.
 D = Time resting spent in this place.
 E = Time spent auto-exploring this place.
 F = Levels seen in this place.
 G = Mean time per level.
                   A        B        C        D        E       F      G
               +--------+--------+--------+--------+--------+-----+--------+
         Total |  17065 |  16175 |    890 |   1231 |  10507 |  22 |  775.7 |
       Dungeon |  10144 |   9534 |    610 |    375 |   6771 |  13 |  780.3 |
          Lair |   4433 |   4253 |    180 |    385 |   2768 |   5 |  886.6 |
  Orcish Mines |   1717 |   1618 |     99 |    236 |    738 |   2 |  858.5 |
         Abyss |    402 |    402 |      0 |     66 |    167 |   1 |  402.0 |
       Ossuary |    368 |    368 |      0 |    169 |     63 |   1 |  368.0 |
               +--------+--------+--------+--------+--------+-----+--------+

Top non-repeatable levels by time:
   Orc:2: 1272 daAuts
  Lair:5: 1193 daAuts
    D:10: 1143 daAuts
     D:6: 1039 daAuts
     D:5: 964 daAuts
  Lair:2: 938 daAuts
     D:4: 877 daAuts
  Lair:1: 868 daAuts
    D:12: 859 daAuts
     D:9: 849 daAuts
     D:8: 844 daAuts
     D:3: 786 daAuts
     D:2: 779 daAuts
  Lair:4: 768 daAuts
     D:1: 686 daAuts
